 Dungeon Crawl Stone Soup version 0.29-a0-234-g0dae59b3db (webtiles) character file.

Game seed: 4735967498587033089

44 HotDog the Covered (level 3, -1/33 HPs)
             Began as a Minotaur Fighter on Mar 3, 2022.
             Slain by a hobgoblin
             ... wielding the +3 hand axe "Wualoi" {vorpal, rElec}
              (6 damage)
             ... on level 2 of the Dungeon.
             The game lasted 00:01:41 (1134 turns).

HotDog the Covered (Minotaur Fighter)               Turns: 1134, Time: 00:01:41

Health: -1/33      AC:  7    Str: 22    XL:     3   Next: 39%
Magic:  2/2        EV:  9    Int:  5    God:
Gold:   47         SH:  4    Dex:  9    Spells: 2/2 levels left

rFire   . . .      SeeInvis .   a - +0 long sword
rCold   . . .      Faith    .   c - +0 buckler
rNeg    . . .      Spirit   .   b - +0 scale mail
rPois   .          Reflect  .   (helmet restricted)
rElec   .          Harm     .   (no cloak)
rCorr   .          Rampage  .   (no gloves)
Will    .....                   (no boots)
Stlth   ..........              (no amulet)
HPRegen 0.11/turn               (no ring)
MPRegen 0.08/turn               (no ring)

@: no status effects
A: horns 2, retaliatory headbutt
a: no special abilities


You were on level 2 of the Dungeon.
You visited 1 branch of the dungeon, and saw 2 of its levels.

You collected 47 gold pieces.

Inventory:

Hand Weapons
 a - a +0 long sword (weapon)
Armour
 b - a +0 scale mail (worn)
 c - a +0 buckler (worn)
Scrolls
 f - a scroll of amnesia {unknown}
 g - a scroll of teleportation {unknown}
 i - 3 scrolls of identify {unknown}
 j - a scroll of fear {unknown}
 k - a scroll of vulnerability {unknown}
Potions
 d - a potion of might
 e - a potion of heal wounds {unknown}
 h - 3 potions of brilliance {unknown}


   Skills:
 * Level 4.1 Fighting
 * Level 3.1 Long Blades
 * Level 4.1 Armour
 * Level 0.9 Dodging
 * Level 4.1 Shields


You had 2 spell levels left.
You didn't know any spells.
Your spell library was empty.

Dungeon Overview and Level Annotations

Branches:
Dungeon (2/15)

Altars:


Innate Abilities, Weirdness & Mutations

You have a pair of horns on your head.
You reflexively headbutt those who attack you in melee.


Message History

The hobgoblin shouts!
The hobgoblin drinks a potion.
The hobgoblin seems to speed up.
Things that are here:
a +0 club; a stone You hit the hobgoblin but do no damage.
The hobgoblin hits you but does no damage.
The hobgoblin hits you with the +3 hand axe "Wualoi" {vorpal, rElec}!
A hobgoblin is nearby!
A hobgoblin is nearby!
You hit the hobgoblin.
The hobgoblin is moderately wounded.
The hobgoblin hits you with the +3 hand axe "Wualoi" {vorpal, rElec}. x2
You are too injured to fight recklessly!
You are too injured to fight recklessly!
You are too injured to fight recklessly!
You are too injured to fight recklessly!
You are too injured to fight recklessly!
You are too injured to fight recklessly!
You are too injured to fight recklessly!
You are too injured to fight recklessly!
You are too injured to fight recklessly!
You are too injured to fight recklessly!
You are too injured to fight recklessly!
A hobgoblin is nearby!
You are too injured to fight recklessly!
You are too injured to fight recklessly!
You closely miss the hobgoblin.
The hobgoblin is moderately wounded.
The hobgoblin hits you with the +3 hand axe "Wualoi" {vorpal, rElec}.
* * * LOW HITPOINT WARNING * * *
The hobgoblin barely misses you.
You closely miss the hobgoblin.
The hobgoblin is moderately wounded.
You block the hobgoblin's attack. x2
You closely miss the hobgoblin. You headbutt the hobgoblin.
The hobgoblin is severely wounded.
The hobgoblin hits you with the +3 hand axe "Wualoi" {vorpal, rElec}.
* * * LOW HITPOINT WARNING * * *
x2 The hobgoblin hits you with the +3 hand axe "Wualoi" {vorpal, rElec}.
You die...

.##.###))..###.###
##........##.....#
##..).....##.....##
#..................
#....##..##......##
.#
#.##.#...##.######
#..# ..#.##.####..#
####...# .##....#
###.###.g..#
.....### #....).@#
.....# #....####
###### #....# #
######


You could see a hobgoblin (fast).

Vanquished Creatures
  A worm (D:2)
  A ball python (D:1)
  6 endoplasms
  5 goblins
  4 hobgoblins
  3 jackals
  6 kobolds
  2 quokkas (D:1)
  A bat (D:1)
  4 frilled lizards (D:1)
  4 rats
37 creatures vanquished.

Notes
Turn   | Place    | Note
-------+----------+-------------------------------------------
     0 | D:1      | HotDog the Minotaur Fighter began the quest for the Orb.
     0 | D:1      | Reached XP level 1. HP: 19/19 MP: 0/0
   179 | D:1      | Reached XP level 2. HP: 27/27 MP: 1/1
   384 | D:1      | Found a faded altar of an unknown god.
   784 | D:2      | Reached XP level 3. HP: 33/33 MP: 2/2
  1126 | D:2      | Identified the +3 hand axe "Wualoi" {vorpal, rElec}
  1134 | D:2      | Slain by a hobgoblin

Illustrated notes

Levels and vault maps discovered:
D:1:      sevenhm_arrival_forest_fort_small_4, layout_rooms,
          ebering_ecumenical_altar_box
D:2:      layout_rooms, basic_altar, minmay_pentomino_z2

Skill      XL: |  1  2  3 |
---------------+----------+-----
Armour         | 4 |  4.1
Fighting       | 4 |  4.1
Shields        | 4 |  4.1
Long Blades    | 3 |  3.1
Dodging        | |  0.9

Action                   || total
-------------------------++-------
Melee: Long sword        ||    78
       Headbutt          ||    11
Armor: Scale mail        ||    48
Dodge: Dodged            ||    43
Block: Buckler           ||    20

Table legend: (Time is in decaauts)
 A = Elapsed time spent in this place.
 B = Non-inter-level travel time spent in this place.
 C = Inter-level travel time spent in this place.
 D = Time resting spent in this place.
 E = Time spent auto-exploring this place.
 F = Levels seen in this place.
 G = Mean time per level.
                   A        B        C        D        E       F      G
               +--------+--------+--------+--------+--------+-----+--------+
         Total |   1161 |   1147 |     14 |    160 |    771 |   2 |  580.5 |
       Dungeon |   1161 |   1147 |     14 |    160 |    771 |   2 |  580.5 |
               +--------+--------+--------+--------+--------+-----+--------+

Top non-repeatable levels by time:
     D:1: 814 daAuts
     D:2: 347 daAuts
